 Dungeon Crawl Stone Soup version 0.30-a0-365-ge7f957f1db (webtiles) character file.

Game seed: 2276497939882139092

57 ragingrage the Cudgeller (level 3, -6/28 HPs)
             Began as an Armataur Artificer on Nov 17, 2022.
             Mangled by an ogre
             ... wielding a +0 giant spiked club
              (34 damage)
             ... on level 3 of the Dungeon.
             The game lasted 00:02:00 (2026 turns).

ragingrage the Cudgeller (Armataur Artificer)       Turns: 2026, Time: 00:02:01

Health: -6/28      AC:  4    Str: 19    XL:     3   Next: 73%
Magic:  3/3        EV:  9    Int: 11    God:
Gold:   52         SH:  0    Dex: 10    Spells: 2/2 levels left

rFire   + . .      SeeInvis .    n - staff of fire
rCold   . . .      Faith    .    (no shield)
rNeg    . . .      Spirit   .    b - +0 leather armour
rPois   .          Reflect  .    (no helmet)
rElec   .          Harm     .    (no cloak)
rCorr   .          Roll     +    (no gloves)
Will    .....                    (no barding)
Stlth   +.........               (no amulet)
HPRegen 0.24/turn                (no ring)
MPRegen 0.08/turn                (no ring)

@: no status effects
A: large, rugged brown scales 3, deformed body, armoured tail, roll, long
tongue, awkward tongue
a: no special abilities


You were on level 3 of the Dungeon.
You visited 1 branch of the dungeon, and saw 3 of its levels.

You collected 52 gold pieces.

Inventory:

Hand Weapons
 a - a +0 club
Missiles
 l - 6 javelins
 o - 4 poisoned darts
Armour
 b - a +0 leather armour (worn)
Magical Staves
 n - a staff of fire (weapon)
Jewellery
 j - a ring of see invisible
Wands
 c - a wand of flame (15) (quivered)
 d - a wand of charming (15)
 e - a wand of iceblast (5)
Scrolls
 f - 5 scrolls of identify {unknown}
 h - a scroll of brand weapon {unknown}
 m - a scroll of poison {unknown}
Potions
 g - a potion of flight {unknown}
 i - 3 potions of heal wounds {unknown}
 k - 2 potions of curing {unknown}


   Skills:
 - Level 0.8 Fighting
 + Level 3.1 Maces & Flails
 - Level 2.4 Armour
 - Level 0.6 Dodging
 - Level 1.1 Stealth
 - Level 3.0 Evocations


You had 2 spell levels left.
You didn't know any spells.
Your spell library contained the following spells:

 Spells                   Type           Power      Damage    Failure   Level
 Frozen Ramparts          Ice            0%         1d1       77%         3
 Stone Arrow              Conj/Erth      0%         3d7       77%         3
 Animate Armour           Summ/Erth      0%         N/A       99%         4
 Ice Form                 Ice/Tmut       0%         N/A       99%         4
 Summon Ice Beast         Ice/Summ       0%         N/A       99%         4
 Lehudib's Crystal Spear  Conj/Erth      0%         10d2      100%        8


Dungeon Overview and Level Annotations

Branches:
Dungeon (3/15)

Altars:
Trog

Annotations:
D:2 Terence
D:3 Grinder


Innate Abilities, Weirdness & Mutations

You are completely covered in rugged brown scales. (AC +3, +7% HP)
Armour fits poorly on your strangely shaped body.
You have a long armoured tail.
You roll when moving toward enemies. (Rampage)
Your long tongue fully drains potion bottles. (2x potion effects)
Your tongue gives you trouble enunciating. (1.5x scroll delay)


Message History

You barely miss the endoplasm. You tail-slap the endoplasm.
The endoplasm is almost dead.
The endoplasm freezes you.
You are frozen.
You hit the endoplasm.
You kill the endoplasm!
You roll towards the orc!
The orc misses you.
You closely miss the orc. The orc hits you with a +0 hand axe.
Grinder comes into view.
Grinder shouts!
You hit the orc.
Your tail-slap misses the orc.
The orc is moderately wounded.
The orc hits you with a +0 hand axe. The ogre barely misses you.
The orc barely misses you.
You barely miss the orc.
The orc is moderately wounded.
The orc hits you with a +0 hand axe.
You are too injured to fight recklessly!
You are too injured to fight recklessly!
You are too injured to fight recklessly!
There are monsters nearby!
The ogre attacks as you move away!
The ogre hits you with a +0 giant spiked club!
The ogre attacks as you move away!
The ogre hits you with a +0 giant spiked club.
Grinder blinks!
There is a stone staircase leading up here.
Grinder blinks!
You climb upwards.
Level annotation: Terence
There is a stone staircase leading down here.
You see here a +0 robe.
There is a stone staircase leading down here.
You start resting.
HP restored.
You climb downwards.
Level annotation: Grinder The ogre hits you with a +0 giant spiked club!!
Ouch! That really hurt!
You die...

###+####
#......#
#......#
#...^..#
#....<.#
#......#
#..O...##
#.@.o...#
#######.# #.#
#ยง#######
#......[.
#........
########5.......
#.......<.......
#...............


You could see an ogre and an orc.

Vanquished Creatures
  2 dart slugs (D:2)
  4 ball pythons (D:1)
  9 endoplasms
  4 giant cockroaches
  3 goblins (D:1)
  3 hobgoblins
  2 jackals (D:1)
  2 kobolds (D:1)
  A quokka (D:1)
  2 bats (D:1)
  13 frilled lizards
  4 rats (D:1)
49 creatures vanquished.

Vanquished Creatures (others)
  3 plants (D:1)
3 creatures vanquished.

Grand Total: 52 creatures vanquished

Notes
Turn   | Place    | Note
-------+----------+-------------------------------------------
     0 | D:1      | ragingrage the Armataur Artificer began the quest for the
                  | Orb.
     0 | D:1      | Reached XP level 1. HP: 16/16 MP: 1/1
   133 | D:1      | Reached skill level 1 in Maces & Flails
   158 | D:1      | Reached XP level 2. HP: 23/23 MP: 2/2
   387 | D:1      | You fall into a shaft and drop 1 floor!
   471 | D:2      | Found a bloodstained altar of Trog.
   559 | D:1      | Reached XP level 3. HP: 28/28 MP: 3/3
  1537 | D:2      | Noticed Terence
  1942 | D:3      | Noticed an ogre
  1946 | D:3      | Noticed Grinder
  2026 | D:3      | Mangled by an ogre

Illustrated notes

Levels and vault maps discovered:
D:1:      evilmike_arrival_home_sweet_home, layout_basic,
          minmay_misc_feat_nine_boxes, minmay_lizard_king
D:2:      layout_basic, basic_altar, uniq_terence
D:3:      layout_basic, uniq_grinder

Skill      XL: |  1  2  3 |
---------------+----------+-----
Maces & Flails | 1 2 3 |  3.1
Fighting       | |  0.8
Armour         | |  2.4
Dodging        | |  0.6
Stealth        | |  1.1
Evocations     | |  3.0

Action                   || total
-------------------------++-------
Melee: Club              ||   156
       Tailslap          ||    17
       Staff             ||    14
       Punch             ||     1
 Stab: Sleeping          ||     6
Armor: Leather armour    ||    66
Dodge: Dodged            ||    85

Table legend: (Time is in decaauts)
 A = Elapsed time spent in this place.
 B = Non-inter-level travel time spent in this place.
 C = Inter-level travel time spent in this place.
 D = Time resting spent in this place.
 E = Time spent auto-exploring this place.
 F = Levels seen in this place.
 G = Mean time per level.
                   A        B        C        D        E       F      G
               +--------+--------+--------+--------+--------+-----+--------+
         Total |   2060 |   1923 |    137 |     27 |   1478 |   3 |  686.7 |
       Dungeon |   2060 |   1923 |    137 |     27 |   1478 |   3 |  686.7 |
               +--------+--------+--------+--------+--------+-----+--------+

Top non-repeatable levels by time:
     D:1: 1279 daAuts
     D:2: 746 daAuts
     D:3: 34 daAuts
